Workbook
Name Excel_BuiltIn_Print_Area: #REF!

Sheet CALIFICACIÓN DE RIESGOS 
F1: MATRIZ DE RIESGOS
A8: IDENTIFICACION Y COBERTURA DEL RIESGO
A10: 1. CONTEXTO DEL PROCESO DE CONTRATACIÓN:
A12: OBJETO | G12: REALIZAR LAS OBRAS DE RESTAURACIÓN, REFORZAMIENTO ESTRUCTURAL Y DEMÁS ACTIVIDADES COMPLEMENTARIAS DEL INSTITUTO MATERNO INFANTIL
A13: PRESUPUESTO OFICIAL: | G13: 1000000
A14: LUGAR DE EJECUCIÓN DEL CONTRATO: | G14: BOGOTÁ D.C.
A16: 2. IDENTIFICACION Y CLASIFICACION DE LOS RIESGOS
A18: Para la identificación Riesgos se tuvo en cuenta la clasificación de clase, fuente, etapa del proceso y tipo de riesgo definidos en el “Manual para la identificación y Cobertura del riesgo en los Procesos de Contratación” expedido por Colombia Compra Eficiente. , los siguientes aspectos: a) los eventos que pueden afectar la adjudicación y firma del contrato como resultado del proceso de contratación, b) los eventos que pueden alterara la ejecución del contrato, c) eventos que pueden afectar el equilibrio económico del contrato, d) eventos previsibles que pueden impedir que la Entidad satisfaga la necesidad motivo de la contratación.
A20: 3. EVALUACIÓN Y CALIFICACION DEL RIESGO
A22: 3.1. PROBABILIDAD DEL RIESGO
B24: CATEGORIA | H24: VALORACIÓN
A25: PROBABILIDAD: | B25: Raro ( puede ocurrir excepcionalmente) | H25: 1
B26: Improbable ( puede ocurrir en cualquier momento futuro) | H26: 2
B27: Posible ( puede ocurrir en cualquier momento) | H27: 3
B28: Probable ( probablemente pueda ocurrir) | H28: 4
B29: casi cierto ( ocurre en la mayoría de circunstancias) | H29: 5
A31: 3.2. IMPACTO DEL RIESGO
F33: IMPACTO
A34: CALIFICACIÓN CUALITATIVA | F34: Obstruye la ejecución del contrato de manera intrascendente | G34: Dificulta la ejecución del contrato de manera baja. Aplicando medidas mínimas se puede lograr el objeto contractual | H34: Afecta la ejecución del contrato sin alterar el beneficio para las partes | M34: Obstruye la ejecución del contrato sustancialmente pero aun así permite la consecución del objeto contractual | N34: Perturba la ejecución del contrato de manera grave imposibilitando la consecución del objeto contractual
A35: CALIFICACIÓN MONERATIA | F35: Los sobre costos no representan mas del uno por ciento (1%) el valor del contrato | G35: Los sobrecostos no representan más del cinco por ciento (5 %) del valor del contrato | H35: Genera un impacto sobre el valor del contrato entre el cinco por ciento (5%) y el quince por ciento (15%) del valor del contrato | M35: Incrementa el valor del contrato entre quince por ciento (15%) y el treinta por ciento (30%) | N35: Impacto sobre el valor del contrato en más del treinta por ciento (30%) del valor del contrato
A36: CATEGORIA | D36: VALORACIÓN | F36: INSIGNIFICANTE | G36: MENOR | H36: MODERADO | M36: MAYOR | N36: CATASTROFICO
F37: 1 | G37: 2 | H37: 3 | M37: 4 | N37: 5
A39: 3.3. VALORACIÓN DEL RIESGO
F41: IMPACTO
B42: CALIFICACIÓN CUALITATIVA | F42: Obstruye la ejecución del contrato de manera intrascendente | G42: Dificulta la ejecución del contrato de manera baja. Aplicando medidas mínimas se puede lograr el objeto contractual | H42: Afecta la ejecución del contrato sin alterar el beneficio para las partes | M42: Obstruye la ejecución del contrato sustancialmente pero aun así permite la consecución del objeto contractual | N42: Perturba la ejecución del contrato de manera grave imposibilitando la consecución del objeto contractual
B43: CALIFICACIÓN MONERATIA | F43: =ROUND((G13*0.01),0) -> 10000 | G43: =ROUND((G13*0.05),0) -> 50000 | H43: =ROUND((G13*0.15),0) -> 150000 | M43: =ROUND((G13*0.3),0) -> 300000 | N43: =ROUND((G13*0.31),0) -> 310000
B44: CATEGORIA | D44: VALORACIÓN | F44: INSIGNIFICANTE | G44: MENOR | H44: MODERADO | M44: MAYOR | N44: CATASTROFICO
F45: 1 | G45: 2 | H45: 3 | M45: 4 | N45: 5
A46: PROBABILIDAD: | B46: Raro | D46: 1 | F46: =F45+D46 -> 2 | G46: =D46+G45 -> 3 | H46: =D46+H45 -> 4 | M46: 5 | N46: 6
B47: Improbable | D47: 2 | F47: =D47+F45 -> 3 | G47: =D47+G45 -> 4 | H47: =D47+H45 -> 5 | M47: 6 | N47: 7
B48: Posible | D48: 3 | F48: =D48+F45 -> 4 | G48: =D48+G45 -> 5 | H48: =D48+H45 -> 6 | M48: 7 | N48: 8
B49: Probable | D49: 4 | F49: =D49+F45 -> 5 | G49: =D49+G45 -> 6 | H49: =D49+H45 -> 7 | M49: 8 | N49: 9
B50: casi cierto | D50: 5 | F50: =D50+F45 -> 6 | G50: =D50+G45 -> 7 | H50: =D50+H45 -> 8 | M50: 9 | N50: 10
A52: 3.4. CATEGORIA DEL RIESGO
B54: VALORACIÓN | F54: CATEGORIA
B55: 10, 9 Y 8 | F55: Riesgo Extremo
B56: 6 Y 7 | F56: Riesgo Alto
B57: 5 | F57: Riesgo Medio
B58: 2,3 Y 4 | F58: Riesgo Bajo
A61: 4. ASIGNACION Y TRATAMIENTO DE LOS RIESGOS
A63: N° | B63: Clase | C63: Fuente | D63: Etapa | E63: Tipo | F63: Descripción (que Puede Pasar Y Como Puede Ocurrir) | J63: Consecuencia De La Ocurrencia Del Riesgo | N63: Probabilidad | O63: Impacto | P63: Valoración Del Riesgo (n°) | Q63: Categoría | R63: ¿a quien se le asigna?
A65: 1 | B65: GENERAL | C65: EXTERNO | D65: CONTRATACIÓN | E65: OPERACIONAL | F65: Que en la fase de estudios y diseños se identifiquen intervenciones indispensables no previstas que impliquen que el monto de la inversión no sea el previsto para cumplir el objeto del contrato | J65: Dificultad de ejecutar las obligaciones contraídas, afectando los compromisos que la entidad contratante planifica con la entrega a satisfacción de los productos. | N65: =+D48 -> 3 | O65: =+H45 -> 3 | P65: 4 | Q65: =+F58 -> Riesgo Bajo | R65: Contratista
A66: =+A65+1 -> 2 | B66: GENERAL | C66: EXTERNO | D66: CONTRATACIÓN | E66: OPERACIONAL | F66: Que se presenten falencias en el momento del proceso de contratación de las obras o la interventoría, actividad contemplada dentro de las actividades del convenio | J66: Declaratoria de desierto del proceso de contratación | N66: =+D47 -> 2 | O66: =+M45 -> 4 | P66: 4 | Q66: =+F58 -> Riesgo Bajo | R66: Entidad
A67: =+A66+1 -> 3 | B67: GENERAL | C67: EXTERNO | D67: CONTRATACIÓN | E67: SOCIALES | F67: Que por temas de orden público, tales como paros, huelgas, actos terroristas, etc., no sea posible desarrollar el objeto del contrato y se presente incumplimiento de las obligaciones | J67: Atraso en la ejecución de las obligaciones contraídas por parte del contratista | N67: =+D47 -> 2 | O67: =+G45 -> 2 | P67: 3 | Q67: =+F58 -> Riesgo Bajo | R67: Contratista
A68: =+A67+1 -> 4 | B68: GENERAL | C68: EXTERNO | D68: CONTRATACIÓN | E68: ECONÓMICO | F68: Que no sea posible llevar a cabo el objeto del contrato por desabastecimiento o especulación dentro del mercado propio de los insumos, o que se presenten aumentos de precios de materiales durante la ejecución de las obras que implique que el monto de la inversión no sea el previsto para cumplir el objeto del contrato | J68: Atraso o imposibilidad de ejecutar las obligaciones contraídas por el contratista en los plazos y términos acordados | N68: =+D47 -> 2 | O68: =+G45 -> 2 | P68: 3 | Q68: =+F58 -> Riesgo Bajo | R68: Contratista
A69: =+A68+1 -> 5 | B69: GENERAL | C69: EXTERNO | D69: CONTRATACIÓN | E69: OPERACIONAL | F69: Que el personal especializado del contratista renuncie durante la ejecución del contrato | J69: Mala calidad en la ejecución de las obligaciones contraídas por parte del contratista | N69: =+D47 -> 2 | O69: =+H45 -> 3 | P69: 3 | Q69: =+F58 -> Riesgo Bajo | R69: Contratista
A70: =+A69+1 -> 6 | B70: GENERAL | C70: EXTERNO | D70: EJECUCIÓN | E70: OPERACIONAL | F70: Incumplimiento de las obligaciones contenidas en el contrato y no cumplimiento oportuno de las obligaciones a su cargo. | J70: Atraso en la ejecución de las obligaciones contraídas, afectando los compromisos que la entidad contratante planifica con la entrega a satisfacción de los productos. | N70: =+D47 -> 2 | O70: =+H45 -> 3 | P70: 3 | Q70: =+F58 -> Riesgo Bajo | R70: Contratista
A72: N° | B72: Tratamiento / Controles A Seguir Implementando | H72: Impacto Después Del Tratamiento | L72: Persona Responsable Por Implementar El Tratamiento | N72: Fecha ( Inicio del Tratamiento) | O72: Fecha (Tratamiento Completo) | P72: Monitoreo Y Revisión
H73: Probabilidad | I73: Impacto | J73: Valoración | K73: Categoría | P73: ¿como Se Realiza El Monitoreo? | R73: Periodicidad ¿cuando?
A74: =+A65 -> 1 | B74: Realizar de forma correcta la proyección de precios y actividades, de acuerdo con las condiciones establecidas en el proceso de contratación, en el cual se analizan los costos, gastos, utilización razonable y demás variables; igualmente asegurar que el contratista realice el análisis en la evaluación de los precios ofertados. | H74: =+N65-1 -> 2 | I74: =+O65-1 -> 2 | J74: =+P65-1 -> 3 | K74: =+F58 -> Riesgo Bajo | L74: Entidad | N74: Desde la publicación de la invitación pública | O74: Hasta la adjudicación del proceso | P74: Para el proponente cuando realice la oferta económica debe verificar los datos económicos determinados en los estudios y para la entidad en la evaluación de dicha oferta económica. | R74: Etapa pre-contractual
A75: =+A66 -> 2 | B75: Realizar de forma correcta la planeación de las actividades necesarias para celebrar las contrataciones requeridas | H75: =+N66-1 -> 1 | I75: =+O66-1 -> 3 | J75: =+P66-1 -> 3 | K75: =+F58 -> Riesgo Bajo | L75: Entidad | N75: Desde la publicación de la invitación pública | O75: Hasta la adjudicación del proceso | P75: Los supervisores del Ministerio ejercerán la supervisión de la planeación y control de la ejecución actividades previas a la adjudicación y celebración de los contratos | R75: Etapa pre-contractual
A76: =+A67 -> 3 | B76: Acudir a las autoridades públicas competentes para garantizar la seguridad y protección del inmueble y las instalaciones donde se ejecuta la obra | H76: =+N67-1 -> 1 | I76: =+O67-1 -> 1 | J76: =+P67-1 -> 2 | K76: =+F58 -> Riesgo Bajo | L76: Contratista | N76: Desde la suscripción del contrato | O76: Hasta la liquidación del contrato | P76: El contratista implementará un protocolo de seguridad desde la suscripción del acta de inicio | R76: Durante la ejecución del contrato
A77: =+A68 -> 4 | B77: Seguimiento a la planeación de las actividades y al plan de compras para prever posibles demoras o cambios de precios en el despacho de materiales. | H77: =+N68-1 -> 1 | I77: =+O68-1 -> 1 | J77: =+P68-1 -> 2 | K77: =+F58 -> Riesgo Bajo | L77: Entidad | N77: Desde la suscripción del contrato | O77: Hasta la liquidación del contrato | P77: Los supervisores del contrato ejercerán la supervisión y control de la ejecución de las obligaciones contraídas | R77: Durante la ejecución del contrato
A78: =+A69 -> 5 | B78: Seguimiento de la interventoría y el supervisor del contrato al cumplimiento de los contratos de los profesionales que ejecutaran el objeto del contrato. En el contrato de obra se pactarán medidas sancionatorias, tales como la cláusula penal y la imposición de multas. | H78: =+N69-1 -> 1 | I78: =+O69-1 -> 2 | J78: =+P69-1 -> 2 | K78: =+F58 -> Riesgo Bajo | L78: Entidad | N78: Desde la publicación de la invitación pública | O78: Hasta la liquidación del contrato | P78: La Interventoría ejercerá la supervisión del cumplimiento de los obligaciones contraídas por el contratista con los profesionales que ejecutarán el objeto del contrato | R78: Durante la ejecución del contrato
A79: =+A70 -> 6 | B79: Seguimiento de los supervisores del convenio al proceso de desarrollo de las obras desde su etapa contractual, hasta la liquidación. En el contrato de obra resultante de pactaran medidas sancionatorias la cláusula penal y la imposición de multas. | H79: =+N70-1 -> 1 | I79: =+O70-1 -> 2 | J79: =+P70-1 -> 2 | K79: =+F58 -> Riesgo Bajo | L79: Entidad | N79: Desde la publicación de la invitación pública | O79: Hasta la liquidación del contrato | P79: Los supervisores tanto del municipio como del Ministerio del convenio ejercerán la supervisión y control de la ejecución de las obligaciones contraídas | R79: Durante la ejecución del contrato
A81: NOTA: Para estructurar la siguiente Matriz de Riesgos se tuvo en cuenta, los siguientes aspectos: a) los eventos que pueden afectar la adjudicación y firma del contrato como resultado del proceso de contratación, b) los eventos que pueden alterara la ejecución del contrato, c) eventos que pueden afectar el equilibrio económico del contrato, d) eventos previsibles que pueden impedir que la Entidad satisfaga la necesidad motivo de la contratación.
D83: NOMBRE | R83: FIRMA
A84: Proyectó | D84: Arq. Martha Castro Muñoz
A85: Revisó | D85: Ing. Maria Carolina Escobar

Sheet Matriz - Formato Ajustado
B2: MATRIZ DE RIESGOS - IMI
B3: CÓDIGO: CCE-EICP-FM-118
B5: No. | C5: Clase | D5: Fuente | E5: Etapa | F5: Tipo | G5: Descripción | H5: Consecuencia de la ocurrencia del evento | I5: Probabilidad | J5: Impacto | K5: Valoración del Riesgo | L5: Categoría | M5: ¿A quién se le asigna? | N5: Tratamiento/Controles a ser implementados | O5: Impacto después del tratamiento | S5: ¿Afecta la ejecución del contrato? | T5: Persona responsable por implementar el tratamiento | U5: Fecha estimada en que se completa el tratamiento | V5: Monitoreo y revisión
O6: Probabilidad | P6: Impacto | Q6: Valoración del Riesgo | R6: Categoría | V6: ¿Cómo se realiza el monitoreo? | W6: Periodicidad
B7: 1 | C7: General | D7: Externo | E7: Ejecución | F7: Social | G7: Que por temas de orden público, tales como paros, huelgas, actos terroristas, etc., no sea posible desarrollar el objeto del contrato. | H7: Atraso en la ejecución de las obligaciones contraídas por parte del contratista | I7: 1 | J7: 1 | K7: 1 | L7: =+IF(K7<=4,"Riesgo Bajo",IF(K7=5,"Riesgo Medio",IF(AND(K7>5,K7<8),"Riesgo Alto",IF(K7>=8,"Riesgo Extremo",0)))) -> Riesgo Bajo | M7: Entidad | N7: El contratista establecerá acciones para replanificar actividades y asegurar la integridad del equipo de trabajo, generando las alertas tempranas para realizar ajustes en cronogramas y planes de contingencias. | O7: 1 | P7: 1 | Q7: =+INDEX('Criterios de valoración'!$Q$24:$U$29,MATCH(O7,'Criterios de valoración'!$P$25:$P$29,0),MATCH(P7,'Criterios de valoración'!$Q$24:$U$24,0)) -> 1 | R7: =+IF(Q7<=4,"Riesgo Bajo",IF(Q7=5,"Riesgo Medio",IF(AND(Q7>5,Q7<8),"Riesgo Alto",IF(Q7>=8,"Riesgo Extremo",0)))) -> Riesgo Bajo | S7: Si | T7: Contratista | U7: Hasta la liquidación del contrato | V7: El contratista presentrá un cronograma de actividades que se avalará por el Ministerio de las Culturas, las Artes y los Saberes para la ejecución de las actividades | W7: Permanente
B8: =B7+1 -> 2 | C8: General | D8: Interna | E8: Ejecución | F8: Económico | G8: Dificultad para conseguir cualquier tipo de información para la ejecución del servicio que impida la prestación del mismo. | H8: Retraso del cronograma del Proyecto. | I8: 2 | J8: 2 | K8: 2 | L8: =+IF(K8<=4,"Riesgo Bajo",IF(K8=5,"Riesgo Medio",IF(AND(K8>5,K8<8),"Riesgo Alto",IF(K8>=8,"Riesgo Extremo",0)))) -> Riesgo Bajo | M8: Contratista y Ministerio | N8: El contratista presentará una lista de documentos con el Cronograma de trabajo que facilitará la consecuión de la información para el Ministerio de acuerdo a las especificaciones tecnicas de la Auditoria. | O8: 1 | P8: 1 | Q8: =+INDEX('Criterios de valoración'!$Q$24:$U$29,MATCH(O8,'Criterios de valoración'!$P$25:$P$29,0),MATCH(P8,'Criterios de valoración'!$Q$24:$U$24,0)) -> 1 | R8: =+IF(Q8<=4,"Riesgo Bajo",IF(Q8=5,"Riesgo Medio",IF(AND(Q8>5,Q8<8),"Riesgo Alto",IF(Q8>=8,"Riesgo Extremo",0)))) -> Riesgo Bajo | S8: Si | T8: Contratistay Ministerio | U8: Inicio de Contrato | V8: La información del Programa se entregará a través de plataforma digital para evitar riesgo de perdida de la información y se verificará el cargue periódico desde el Minsterio de las Culturas, las Artes y los Saberes en el archivo digital. | W8: Permanente
B9: =B8+1 -> 3 | C9: General | D9: Interna | E9: Ejecución | F9: Operacional | G9: Pérdida de información durante la ejecución del contrato. | H9: Hallazgos disgnificativos en el informe de auditoria por la no presentación de información. | I9: 2 | J9: 2 | K9: =+INDEX('Criterios de valoración'!$Q$24:$U$29,MATCH(I9,'Criterios de valoración'!$P$25:$P$29,0),MATCH(J9,'Criterios de valoración'!$Q$24:$U$24,0)) -> 3 | L9: =+IF(K9<=4,"Riesgo Bajo",IF(K9=5,"Riesgo Medio",IF(AND(K9>5,K9<8),"Riesgo Alto",IF(K9>=8,"Riesgo Extremo",0)))) -> Riesgo Bajo | M9: Ministerio | N9: Realizar un barrido del 100% de la información requerida para el proceso de auditoria en el archivo correspondiente. | O9: 2 | P9: 1 | Q9: =+INDEX('Criterios de valoración'!$Q$24:$U$29,MATCH(O9,'Criterios de valoración'!$P$25:$P$29,0),MATCH(P9,'Criterios de valoración'!$Q$24:$U$24,0)) -> 2 | R9: =+IF(Q9<=4,"Riesgo Bajo",IF(Q9=5,"Riesgo Medio",IF(AND(Q9>5,Q9<8),"Riesgo Alto",IF(Q9>=8,"Riesgo Extremo",0)))) -> Riesgo Bajo | S9: Si | T9: Ministerio | U9: Hasta la liquidación del contrato | V9: Ministerio garantizará un Bakc up de la información en dos carpetas digitales para garantizar la disponibilidad de la información. | W9: Permanente
B10: =B9+1 -> 4 | C10: General | D10: Externo | E10: Planeacion | F10: Financiero | G10: No suscripción del contrato con el proveedor seleccionado | H10: Paralización de la ejecución del contrato, no se puede ejecutar el recurso comprometido | I10: 1 | J10: 1 | K10: 1 | L10: Riesgo Alto | M10: Contratista y Entidad | N10: Revisión exhaustiva de documentos, agilizar procesos de negociación, establecer cláusulas claras en el contrato. | O10: 1 | P10: 1 | Q10: =+INDEX('Criterios de valoración'!$Q$24:$U$29,MATCH(O10,'Criterios de valoración'!$P$25:$P$29,0),MATCH(P10,'Criterios de valoración'!$Q$24:$U$24,0)) -> 1 | R10: =L10 -> Riesgo Alto | S10: Si | T10: Ministerio | U10: Hasta la suscripcion del contrato | V10: Revisión diaria de los avances en la negociación, seguimiento a la firma del contrato. | W10: Permanente
B11: =B10+1 -> 5 | C11: General | D11: Externo | E11: Planeacion | F11: Financiero | G11: No expedición del Registro Presupuestal requerido | H11: Paralización del proceso, falta de recursos para financiar el contrato | I11: 1 | J11: 1 | K11: 1 | L11: Riesgo Alto | M11: Entidad | N11: Realizar un seguimiento detallado del proceso, verificar la asignación de recursos oportunamente. | O11: 1 | P11: 1 | Q11: =+INDEX('Criterios de valoración'!$Q$24:$U$29,MATCH(O11,'Criterios de valoración'!$P$25:$P$29,0),MATCH(P11,'Criterios de valoración'!$Q$24:$U$24,0)) -> 1 | R11: =R10 -> Riesgo Alto | S11: Si | T11: Ministerio | U11: =U8 -> Inicio de Contrato | V11: Revisión mensual del proceso presupuestal y control de asignación de recursos. | W11: Permanente
B12: 6 | C12: General | D12: Externo | E12: Planeacion | F12: Financiero | G12: Falta de programación de pagos en el PAC | H12: Incumplimiento de pagos, sanciones al contratista, interrupción en la ejecución del contrato | I12: 1 | J12: 1 | K12: 1 | L12: Riesgo Alto | M12: Entidad | N12: Revisar y actualizar la programación del PAC con antelación, coordinar con el área financiera para asegurar disponibilidad de recursos. | O12: 1 | P12: 1 | Q12: 1 | R12: Riesgo Bajo | S12: Si | T12: Ministerio | U12: Hasta la liquidación del contrato | V12: Revisión mensual del estado del PAC, revisión de pagos programados. | W12: Permanente
B17: ALFREDO GOENAGA LINERO
B18: Directora de Estrategia, Desarrollo y Emprendimiento (e)
B20: Elaboró: Andrea Martínez Ospina. Contratista Dirección de Estrategia, Desarrollo y Emprendimiento
B22: Revisó: Ma Fernanda Carrillo M/ Contratista Dirección de Estrategia, Desarrollo y Emprendimiento
B23: Yeinner Andrés López, Coordinador del Grupo Escuelas Taller, Dirección de Estrategia Desarrollo y Emprendimiento.

Sheet Criterios de valoración
B2: 3.1. PROBABILIDAD DEL RIESGO
C4: CATEGORIA | D4: VALORACIÓN
B5: PROBABILIDAD: | C5: Raro ( puede ocurrir excepcionalmente) | D5: 1
C6: Improbable ( puede ocurrir en cualquier momento futuro) | D6: 2
C7: Posible ( puede ocurrir en cualquier momento) | D7: 3
C8: Probable ( probablemente pueda ocurrir) | D8: 4
C9: casi cierto ( ocurre en la mayoría de circunstancias) | D9: 5
F12: 3.2. IMPACTO DEL RIESGO
H14: IMPACTO
F15: CALIFICACIÓN CUALITATIVA | H15: Obstruye la ejecución del contrato de manera intrascendente | I15: Dificulta la ejecución del contrato de manera baja. Aplicando medidas mínimas se puede lograr el objeto contractual | J15: Afecta la ejecución del contrato sin alterar el beneficio para las partes | K15: Obstruye la ejecución del contrato sustancialmente pero aun así permite la consecución del objeto contractual | L15: Perturba la ejecución del contrato de manera grave imposibilitando la consecución del objeto contractual
F16: CALIFICACIÓN MONETARIA | H16: Los sobre costos no representan mas del uno por ciento (1%) el valor del contrato | I16: Los sobrecostos no representan más del cinco por ciento (5 %) del valor del contrato | J16: Genera un impacto sobre el valor del contrato entre el cinco por ciento (5%) y el quince por ciento (15%) del valor del contrato | K16: Incrementa el valor del contrato entre quince por ciento (15%) y el treinta por ciento (30%) | L16: Impacto sobre el valor del contrato en más del treinta por ciento (30%) del valor del contrato
F17: CATEGORIA | G17: VALORACIÓN | H17: INSIGNIFICANTE | I17: MENOR | J17: MODERADO | K17: MAYOR | L17: CATASTROFICO
H18: 1 | I18: 2 | J18: 3 | K18: 4 | L18: 5
Q20: IMPACTO
O21: CALIFICACIÓN CUALITATIVA | Q21: Obstruye la ejecución del contrato de manera intrascendente | R21: Dificulta la ejecución del contrato de manera baja. Aplicando medidas mínimas se puede lograr el objeto contractual | S21: Afecta la ejecución del contrato sin alterar el beneficio para las partes | T21: Obstruye la ejecución del contrato sustancialmente pero aun así permite la consecución del objeto contractual | U21: Perturba la ejecución del contrato de manera grave imposibilitando la consecución del objeto contractual
O22: CALIFICACIÓN MONERATIA | Q22: (Valor del contrato x 1%) | R22: (Valor del contrato x 5%) | S22: (Valor del contrato x 15%) | T22: (Valor del contrato x 30%) | U22: (Valor del contrato x 31%)
O23: CATEGORIA | P23: VALORACIÓN | Q23: INSIGNIFICANTE | R23: MENOR | S23: MODERADO | T23: MAYOR | U23: CATASTROFICO
Q24: 1 | R24: 2 | S24: 3 | T24: 4 | U24: 5
N25: PROBABILIDAD: | O25: Raro | P25: 1 | Q25: =Q24+P25 -> 2 | R25: =P25+R24 -> 3 | S25: =P25+S24 -> 4 | T25: 5 | U25: 6
O26: Improbable | P26: 2 | Q26: =P26+Q24 -> 3 | R26: =P26+R24 -> 4 | S26: =P26+S24 -> 5 | T26: 6 | U26: 7
O27: Posible | P27: 3 | Q27: =P27+Q24 -> 4 | R27: =P27+R24 -> 5 | S27: =P27+S24 -> 6 | T27: 7 | U27: 8
O28: Probable | P28: 4 | Q28: =P28+Q24 -> 5 | R28: =P28+R24 -> 6 | S28: =P28+S24 -> 7 | T28: 8 | U28: 9
O29: casi cierto | P29: 5 | Q29: =P29+Q24 -> 6 | R29: =P29+R24 -> 7 | S29: =P29+S24 -> 8 | T29: 9 | U29: 10
W32: VALORACIÓN | X32: CATEGORIA
W33: 8, 9 y 10 | X33: Riesgo Extremo
W34: 6 y 7 | X34: Riesgo Alto
W35: 5 | X35: Riesgo Medio
W36: 2, 3 y 4 | X36: Riesgo Bajo
